 Dungeon Crawl Stone Soup version 0.30.0-29-ga12c61a403 (webtiles) character file.

Game seed: 11841886760050079418

397 Sabo the Chopper (level 7, 0/82 HPs)
             Began as a Formicid Monk on June 22, 2023.
             Succumbed to Crazy Yiuf's poison
             ... on level 3 of the Dungeon.
             The game lasted 00:13:35 (3028 turns).

Sabo the Chopper (Formicid Monk)                    Turns: 3028, Time: 00:13:36

Health: 0/82       AC: 23    Str: 16 (17) XL:     7   Next: 10%
Magic:  7/7        EV:  2    Int:  8 (10) God:
Gold:   182        SH:  0    Dex: 15 (16) Spells: 6/6 levels left

rFire   + . .        a - +0 hand axe
rCold   . . .        d - orb {light}
rNeg    . . .        n - melded +0 chain mail
rPois   +            (helmet unavailable)
rElec   .            (cloak currently unavailable)
rCorr   .            c - melded +0 pair of gloves
SInv    .            (boots currently unavailable)
Will    .....        (no amulet)
Stlth   +            h - ring of protection from fire
HPRegen 0.33/turn    (no ring)
MPRegen 0.10/turn

%: no passive effects
@: lethally poisoned (0 -> -3), tree-form, glowing, invisible (but backlit and
visible)
A: stationary, stasis, torment immunity, boosted hp, permanent stasis, dig
shafts and tunnels, (antennae 3), four strong arms
a: no special abilities


You were on level 3 of the Dungeon.
You were a tree.
You visited 1 branch of the dungeon, and saw 3 of its levels.

You collected 182 gold pieces.

Inventory:

Hand Weapons
 a - a +0 hand axe (weapon)
 k - a +0 sling
 s - a +1 scythe of protection
Missiles
 g - 4 silver boomerangs
 j - 6 poisoned darts (quivered)
Armour
 c - a +0 pair of gloves (melded)
 d - an orb of light (worn)
 n - a +0 chain mail (melded)
Jewellery
 h - a ring of protection from fire (left branch)
Scrolls
 b - 2 scrolls of fog
 l - a scroll of vulnerability {unknown}
 o - a scroll of brand weapon
 p - a scroll of amnesia {unknown}
 q - a scroll of noise {unknown}
Potions
 e - 2 potions of flight


   Skills:
 + Level 4.4 Fighting
 + Level 5.6 Axes
 + Level 1.5 Throwing
 + Level 2.3 Armour
 + Level 3.3 Dodging
 + Level 0.2 Stealth


You had 6 spell levels left.
You didn't know any spells.
Your spell library contained the following spells:

 Spells                   Type           Power      Damage    Failure   Level
 Sublimation of Blood     Necr           0%         N/A       54%         2
 Petrify                  Tmut/Erth      0%         N/A       99%         4
 Irradiate                Conj/Tmut      0%         3d11      100%        5


Dungeon Overview and Level Annotations

Branches:
Dungeon (3/15)

Altars:


Innate Abilities, Weirdness & Mutations

You are a tree.
Your roots penetrate the ground, keeping you stationary.
You cannot be teleported.
You are immune to unholy pain and torment.
Your maximum health is greatly increased.
Your equipment is partially melded.
You cannot be hasted, slowed, berserked, paralysed or teleported.
You can dig through walls and to a lower floor.
((You have a pair of large antennae on your head. (SInv)))
Your four strong arms can wield two-handed weapons with a shield.


Message History

Crazy Yiuf is moderately wounded.
You feel very sick.
Crazy Yiuf hits you with a +2 quarterstaff of chaos!
* * * LOW HITPOINT WARNING * * *
You slash Crazy Yiuf!
Crazy Yiuf is severely wounded.
* * * LOW HITPOINT WARNING * * *
You feel very sick.
Crazy Yiuf hits you with a +2 quarterstaff of chaos.
* * * LOW HITPOINT WARNING * * *
Crazy Yiuf freezes you.
* * * LOW HITPOINT WARNING * * *
You hit Crazy Yiuf.
Crazy Yiuf is almost dead.
* * * LOW HITPOINT WARNING * * *
You feel very sick. Crazy Yiuf barely misses you.
You hit Crazy Yiuf.
You kill Crazy Yiuf!
* * * LOW HITPOINT WARNING * * *
You feel sick.
There is a lethal amount of poison in your body!
There is a lethal amount of poison in your body!
It was a potion of cancellation.
You feel magically purged.
* * * LOW HITPOINT WARNING * * *
You feel sick.
It was a potion of lignification.
You turn into a tree.
Your +0 pair of gloves melds into your body.
Your +0 chain mail melds into your body.
Your roots penetrate the ground.
* * * LOW HITPOINT WARNING * * *
You feel sick.
It was a potion of degeneration.
There was something very wrong with that liquid.
You feel weakened.
You feel dopey.
You feel clumsy.
* * * LOW HITPOINT WARNING * * *
You feel sick.
It was a potion of invisibility.
You become transparent, but the glow from your halo prevents you from becoming completely invisible.
You die...

####♣♣ ### ###.#..♣♣ ♣♣#..)#
###### #.......♣♣♣♣♣)...#
###.....## #####.#......♣..♣#...#
#........# ........#...♣.♣♣♣ ###
#......... ..).....##♣♣♣♣♣
#..>...... ........# #.........
........################.........
#####...........#................
[..###...######..................
.#..####)...# ##.#...............


There were no monsters in sight!

Vanquished Creatures
  Sigmund (D:3)
  Crazy Yiuf (D:3)
  Terence (D:2)
  Natasha (thrice) (D:3)
  Robin (D:2)
  3 adders
  A worm (D:2)
  An orc (D:3)
  4 ball pythons
  6 bats
  4 endoplasms
  4 giant cockroaches
  11 goblins
  6 hobgoblins
  6 jackals
  5 kobolds
  A quokka (D:1)
  6 frilled lizards
  6 rats
71 creatures vanquished.

Notes
Turn   | Place    | Note
-------+----------+-------------------------------------------
     0 | D:1      | Sabo the Formicid Monk began the quest for the Orb.
     0 | D:1      | Reached XP level 1. HP: 18/18 MP: 1/1
   100 | D:1      | Reached XP level 2. HP: 23/24 MP: 2/2
   165 | D:1      | Reached XP level 3. HP: 23/30 MP: 3/3
   962 | D:2      | Noticed Robin
   984 | D:2      | Killed Robin
   985 | D:2      | Reached XP level 4. HP: 20/37 MP: 4/4
  1153 | D:2      | Reached skill level 4 in Axes
  1188 | D:2      | Found a faded altar of an unknown god.
  1193 | D:2      | Noticed Terence
  1208 | D:2      | Killed Terence
  1209 | D:2      | Reached skill level 1 in Throwing
  1929 | D:2      | Reached XP level 5. HP: 33/42 MP: 5/5
  2352 | D:3      | Found a runed translucent door.
  2442 | D:3      | Noticed Natasha
  2452 | D:3      | Killed Natasha
  2498 | D:3      | Noticed Natasha
  2512 | D:3      | Killed Natasha
  2603 | D:3      | Noticed Natasha
  2614 | D:3      | Killed Natasha
  2615 | D:3      | Reached skill level 5 in Axes
  2615 | D:3      | Reached XP level 6. HP: 42/48 MP: 6/6
  2773 | D:3      | Noticed Sigmund
  2797 | D:3      | Killed Sigmund
  2798 | D:3      | Reached XP level 7. HP: 43/55 MP: 7/7
  3012 | D:3      | Noticed Crazy Yiuf
  3024 | D:3      | Killed Crazy Yiuf
  3025 | D:3      | HP: 1/55 [poisoned by Crazy Yiuf]
  3028 | D:3      | Succumbed to Crazy Yiuf's poison

Illustrated notes

Levels and vault maps discovered:
D:1:      lemuel_arrival_hallway, layout_basic
D:2:      layout_basic, ebering_ecumenical_altar_hall, uniq_terence, uniq_robin
D:3:      layout_rooms, uniq_sigmund, uniq_natasha, uniq_crazy_yiuf_cottage

Skill      XL: |  1  2  3  4  5  6 |
---------------+-------------------+-----
Dodging        | 3 |  3.3
Axes           | 4 5 |  5.6
Throwing       | 1 |  1.5
Fighting       | 4 |  4.4
Armour         | 2 |  2.3
Stealth        | |  0.2

Action                     |  1- 3 |  4- 6 |  7- 9 || total
---------------------------+-------+-------+-------++-------
  Melee: Hand axe          |    82 |   126 |    11 ||   219
  Throw: Dart              |       |     8 |       ||     8
    Use: Scroll            |     3 |     2 |       ||     5
         Potion            |       |       |     4 ||     4
 Armour: Robe              |    12 |       |       ||    12
         Scale mail        |    16 |     6 |       ||    22
         Chain mail        |       |    56 |     1 ||    57
  Dodge: Dodged            |    61 |    48 |     3 ||   112
